[Event "Early-Titled-Tuesday-Blitz-October-10-2023"]
[Site "Chess.com"]
[Date "2023.10.10"]
[Round "4"]
[White "Mystery2007"]
[Black "ukchessbomber"]
[Result "1-0"]
[WhiteElo "2490"]
[BlackElo "2637"]
[TimeControl "180+1"]
[EndTime "8:37:12 PDT"]
[Termination "Mystery2007 won by resignation"]

1. e4 a6 2. d4 b5 3. a4 b4 4. Nd2 e6 5. Nb3 Bb7 6. Bd3 Nf6 7. Qe2 d5 8. e5 Nfd7 9. Nf3 Be7 10. h4 h6 11. Bd2 a5 12. Rh3 c6 13. Kf1 Na6 14.
Kg1 c5 15. dxc5 Naxc5 16. Nxc5 Nxc5 17. Bb5+ Kf8 18. Nd4 Qb6 19. Be3 Rc8 20. Nb3 Qc7 21. Nxc5 Bxc5 22. Bxc5+ Qxc5 23. c3 d4 24. cxd4 Qxd4 25. Rd1 Qf4 26. Rhd3 Bd5 27. Rd4 Qf5 28. Bd7 Rc2 29. Qe3 Qg6 30. Rxd5 exd5 31. e6 Qe4 32.
Qg3 fxe6 33. Qb8+ Ke7 34. Qxh8 Kxd7 35. Qxg7+ Kc6 36. Qxh6 Qe2 37. Rf1 Rxb2 38. Qf8 Rd2 39. Rc1+ Kd7 40. Qc8+ 1-0

[Event "Early-Titled-Tuesday-Blitz-October-10-2023"]
[Site "Chess.com"]
[Date "2023.10.10"]
[Round "4"]
[White "FMStan15"]
[Black "Gerasimenyuk_Miha"]
[Result "0-1"]
[WhiteElo "2121"]
[BlackElo "2437"]
[TimeControl "180+1"]
[EndTime "8:37:14 PDT"]
[Termination "Gerasimenyuk_Miha won on time"]

1. e4 d5 2. e5 c5 3. c3 Nc6 4. d4 cxd4 5. cxd4 h5 6. h3 Nh6 7. Bxh6 Rxh6 8. Nf3 Bf5 9. Bd3 g6 10.
Bxf5 gxf5 11. O-O e6 12. Nc3 Rg6 13. a3 Bh6 14. b4 Ke7 15. Nb5 a6 16. Nd6 Qg8 17.
g3 Bf4 18. Kh1 Bxg3 19. fxg3 Rxg3 20. Nh2 Qg6 21. Rg1 Rg8 22. Rxg3 Qxg3 23. Qg1 Qc3 24. Qxg8 Qxa1+ 25. Kg2 Qb2+ 26. Kg3 h4+ 27. Kxh4 Qxd4+ 28. Kh5 Nxe5 29. Nxf7 Nxf7 30. Nf3 Qd1 31. Qg3 Ne5 32. Qg7+ Nf7 33. Kg6 Qxf3 34. Qxf7+ Kd6 35. Qf8+ Ke5 36. Qf6+ Kf4 37. Qxe6 Qxh3 38. Qxd5 Qg4+ 39. Kf7 Qf3 40. Qd6+ Ke3 41. Qc5+ Kd3 42. Qd6+ Kc4 43. Qc5+ Kb3 44. b5 axb5 45. Qxb5+ Ka2 46. Qc4+ Qb3 0-1

[Event "Early-Titled-Tuesday-Blitz-October-10-2023"]
[Site "Chess.com"]
[Date "2023.10.10"]
[Round "4"]
[White "almaguerjm"]
[Black "LileKoridze"]
[Result "1-0"]
[WhiteElo "2519"]
[BlackElo "2340"]
[TimeControl "180+1"]
[EndTime "8:37:15 PDT"]
[Termination "almaguerjm won by checkmate"]

1. e4 c5 2. Nf3 d6 3. d4 cxd4 4. Nxd4 Nf6 5. Nc3 a6 6. Be2 e5 7. Nb3 Be7 8. Be3 Be6 9. a4 Nbd7 10. Qd3 O-O 11. Nd5 Bxd5 12. exd5 Rc8 13. c4 Qc7 14. a5 b6 15. O-O bxa5 16. Nxa5 Nc5 17. Qa3 Nfd7 18.
Nc6 Bf6 19. b4 Ne4 20. Bd3 Ng5 21. h4 e4 22. Bc2 Bxa1 23. Rxa1 Nf3+ 24. gxf3 exf3 25.
Bd4 Rce8 26. Qd3 g6 27. Qxf3 f5 28. Rxa6 Nf6 29. Ra7 Qc8 30. Qc3 Nh5 31. Ne7+ Rxe7 32. Rxe7 f4 33. Re6 Qd8 34. Qh3 f3 35. Rxg6+ hxg6 36. Qe6+ Kh7 37. Qxg6# 1-0

[Event "Early-Titled-Tuesday-Blitz-October-10-2023"]
[Site "Chess.com"]
[Date "2023.10.10"]
[Round "4"]
[White "Oleksandr_Bortnyk"]
[Black "krzyzan94"]
[Result "1-0"]
[WhiteElo "3058"]
[BlackElo "2783"]
[TimeControl "180+1"]
[EndTime "8:37:17 PDT"]
[Termination "Oleksandr_Bortnyk won on time"]

1. e4 c5 2. c3 d5 3. exd5 Qxd5 4. d4 g6 5. Be3 cxd4 6. cxd4 Bg7 7. Nf3 Nf6 8. Nc3 Qa5 9. Bc4 O-O 10. O-O Nc6 11.
d5 Qb4 12. Nd2 Ne5 13. a3 Qa5 14. Ba2 Bf5 15. h3 Rac8 16. Bd4 Nd3 17. Nc4 Rxc4 18. Bxc4 Nxb2 19. Qb3 Nxc4 20. Qxc4 Rc8 21. Qb3 b6 22. Rfe1 Nd7 23. Bxg7 Kxg7 24. Re3 Nc5 25. Qb4 Qxb4 26. axb4 Nd3 27. g4 Rxc3 28. gxf5 gxf5 29. Rd1 Nf4 30. Rxe7 Kf6 31. d6 Rc8 32. Rxa7 Ne6 33. d7 Rg8+ 34.
Kf1 Nd8 35. Re1 Nc6 36. Re8 Rg6 37. Rc7 1-0

[Event "Early-Titled-Tuesday-Blitz-October-10-2023"]
[Site "Chess.com"]
[Date "2023.10.10"]
[Round "4"]
[White "Gyulamiryan-koryun"]
[Black "kidagent"]
[Result "0-1"]
[WhiteElo "2010"]
[BlackElo "2257"]
[TimeControl "180+1"]
[EndTime "8:37:17 PDT"]
[Termination "kidagent won on time"]

1. e4 c6 2. Nc3 d5 3. Nf3 Bg4 4. h3 Bxf3 5. Qxf3 d4 6. Bc4 Nf6 7. Ne2 e5 8. O-O Bd6 9. Qb3 Qe7 10. Ng3 g6 11. d3 b5 12. Bxb5 cxb5 13. Qxb5+ Nbd7 14. c4 O-O 15. a3 Rab8 16. Qa6 Nc5 17. Qa5 Nb3 18. Qe1 Nxa1 19. Bg5 Nb3 20. f4 exf4 21.
Bxf4 Bxf4 22. Rxf4 Qe5 23. Qf2 Ne8 24. h4 Nc5 25.
Rf3 Ng7 26. b4 Nce6 27. c5 a5 28. Qd2 axb4 29. axb4 Rb5 30. Rf1 Rfb8 31. Ne2 Rxb4 32. Qa2 Qxc5 33. Rc1 Qe7 34. g3 Rb2 0-1

[Event "Early-Titled-Tuesday-Blitz-October-10-2023"]
[Site "Chess.com"]
[Date "2023.10.10"]
[Round "4"]
[White "Riku-gan"]
[Black "masnyszachistaaa"]
[Result "1/2-1/2"]
[WhiteElo "2834"]
[BlackElo "2591"]
[TimeControl "180+1"]
[EndTime "8:37:20 PDT"]
[Termination "Game drawn by agreement"]

1. Nc3 c5 2. e4 e6 3. f4 d5 4. Nf3 dxe4 5. Nxe4 Be7 6. b3 Nf6 7. Nf2 O-O 8. Bb2 b6 9. Bd3 Bb7 10. O-O Nc6 11. Ne5 Nb4 12. Be2 Qc7 13. d3 Rad8 14. Nfg4 Nbd5 15. Qd2 Nxg4 16. Bxg4 Bf6 17. Rae1 Ne7 18. f5 Nxf5 19. Bxf5 exf5 20. Rxf5 Bxe5 21. Bxe5 Qc6 22. Bc3 Rde8 23. Rxe8 Rxe8 24. Qg5 Qg6 25. Re5 Kf8 26. Rxe8+ Kxe8 27. Qxg6 hxg6 28. Bxg7 Ke7 29. Be5 a6 30. Kf2 Ke6 31. Bc7 b5 32. c4 bxc4 33.
dxc4 Be4 34. a3 Kd7 35. Be5 Kc6 36. g4 Bc2 37. b4 Bd3 38. Ke3 Bxc4 39. bxc5 Kxc5 40.
Kf4 Kd5 41. Bc3 Ke6 42. Kg5 f5 43. gxf5+ gxf5 44. h4 Be2 45. h5 f4 46. Kxf4 Bxh5 47. Ke3 Kd5 48. Bb4 Kc4 49. Bf8 Bf7 1/2-1/2

[Event "Early-Titled-Tuesday-Blitz-October-10-2023"]
[Site "Chess.com"]
[Date "2023.10.10"]
[Round "4"]
[White "hakanazeri2"]
[Black "noblerone"]
[Result "1/2-1/2"]
[WhiteElo "2616"]
[BlackElo "2478"]
[TimeControl "180+1"]
[EndTime "8:37:22 PDT"]
[Termination "Game drawn by repetition"]

1. c4 c6 2. d4 d5 3. Nf3 Nf6 4. Nc3 dxc4 5. a4 Bf5 6. Ne5 Nbd7 7. Nxc4 Nb6 8. Ne5 a5 9. f3 Nfd7 10. Nxd7 Nxd7 11. e4 Bg6 12. Be3 e5 13. d5 Bc5 14. dxc6 bxc6 15. Qd2 Qb6 16. Bxc5 Nxc5 17. Bc4 Rd8 18. Qf2 Qb4 19. Qe2 Rd4 20. Ba6 Nb3 21.
Rd1 O-O 22. O-O Rfd8 23. Kh1 h6 24. Bc4 Rxd1 25. Rxd1 Rxd1+ 26. Nxd1 Qxa4 27. Bxb3 Qxb3 28. h3 f6 29. Ne3 a4 30. Kh2 a3 31. bxa3 Qxa3 32.
Qd2 Qe7 33. Qc3 Qd7 34. Qb3+ Bf7 35. Qb8+ Kh7 36. Qf8 Be6 37. h4 Qf7 38. Qd6 Qd7 39.
Qf8 Qc7 40. Qe8 Bf7 41. Qf8 Be6 42. Qe8 Qd7 43. Qf8 1/2-1/2

[Event "Early-Titled-Tuesday-Blitz-October-10-2023"]
[Site "Chess.com"]
[Date "2023.10.10"]
[Round "4"]
[White "mary-sanna"]
[Black "Niilo1"]
[Result "1-0"]
[WhiteElo "2153"]
[BlackElo "2298"]
[TimeControl "180+1"]
[EndTime "8:37:22 PDT"]
[Termination "mary-sanna won by resignation"]

1. d4 Nf6 2. c4 e6 3. Nf3 b6 4.
g3 Bb7 5. Bg2 Bb4+ 6. Nbd2 O-O 7. O-O d5 8. a3 Be7 9. b4 a5 10. b5 Nbd7 11. Bb2 dxc4 12. Nxc4 Ne4 13. Nfe5 Nxe5 14.
Nxe5 Bf6 15. Qc2 Bxe5 16. Bxe4 Bxe4 17. Qxe4 Bf6 18. Rac1 Qd6 19. Rc6 Qd7 20. Rfc1 Rac8 21.
e3 Rfd8 22. Qf4 e5 23. dxe5 Be7 24. e6 fxe6 25. Qg4 Bf8 26. Be5 Qd2 27. Rxc7 Rxc7 28. Rxc7 Qd1+ 29. Qxd1 Rxd1+ 30. Kg2 Rd3 31. Rc8 Kf7 32.
a4 Ra3 33. Rxf8+ Kxf8 34. Bd6+ 1-0

[Event "Early-Titled-Tuesday-Blitz-October-10-2023"]
[Site "Chess.com"]
[Date "2023.10.10"]
[Round "4"]
[White "falzehope0"]
[Black "zverr1"]
[Result "1-0"]
[WhiteElo "2318"]
[BlackElo "2493"]
[TimeControl "180+1"]
[EndTime "8:37:23 PDT"]
[Termination "falzehope0 won on time"]

1. d4 Nf6 2. e3 d5 3. Bd3 c5 4.
c3 Nc6 5. f4 Bg4 6. Ne2 e6 7.
Nd2 c4 8. Bc2 b5 9. a3 a5 10.
O-O b4 11. Ba4 Qb6 12. Nf3 Bxf3 13. gxf3 Bd6 14. Ng3 O-O 15. e4 Nd7 16. e5 Be7 17.
f5 Bh4 18. fxe6 fxe6 19. Kh1 Ra7 20. Rg1 Nd8 21. Nh5 Rf7 22. Rg4 Be7 23. Qg1 Bf8 24.
Bh6 Nb8 25. Nf6+ Kh8 26. Qg3 Qc7 27. Rg1 Rxf6 28. exf6 Qxg3 29. R1xg3 g6 30. Bxf8 Rf7 31. Bd6 Nd7 32. Bxd7 Rxd7 33. Be5 Nf7 34. axb4 axb4 35. cxb4 Rb7 36. Rg1 Rxb4 37. Ra1 h5 38. Rxg6 Rb7 39. Rg7 1-0

[Event "Early-Titled-Tuesday-Blitz-October-10-2023"]
[Site "Chess.com"]
[Date "2023.10.10"]
[Round "4"]
[White "kacprekt"]
[Black "valeriocarnicelli"]
[Result "0-1"]
[WhiteElo "2473"]
[BlackElo "2636"]
[TimeControl "180+1"]
[EndTime "8:37:24 PDT"]
[Termination "valeriocarnicelli won by resignation"]

1. e4 e5 2. Nf3 Nc6 3. Nc3 Nf6 4.
Bc4 Bc5 5. d3 d6 6. O-O a6 7. a3 h6 8. Be3 Bg4 9. h3 Bh5 10. b4 Ba7 11. Nd5 Nd4 12. Bxd4 Bxd4 13. c3 Ba7 14. Qa4+ b5 15. Qxa6 Bxf2+ 16. Rxf2 Rxa6 17.
Bxb5+ c6 18. Nxf6+ gxf6 19. Bxa6 Bxf3 20. gxf3 Rg8+ 21.
Kf1 Qd7 22. Ke2 Qxh3 23. a4 Rg2 24. Rf1 Rxf2+ 25. Rxf2 Qh1 26. Rf1 Qg2+ 27. Rf2 Qg5 28. Rf1 h5 29. Bb7 Kd7 30. a5 Kc7 31. a6 Kb6 32. c4 h4 33. c5+ dxc5 34. bxc5+ Ka7 35.
Bxc6 h3 36. Rb1 h2 37. Rb7+ Kxa6 38. Rb4 Qg2+ 39. Ke3 Qg1+ 0-1

[Event "Early-Titled-Tuesday-Blitz-October-10-2023"]
[Site "Chess.com"]
[Date "2023.10.10"]
[Round "4"]
[White "AnaKuchava"]
[Black "YouShallNotPass001"]
[Result "1/2-1/2"]
[WhiteElo "2247"]
[BlackElo "2388"]
[TimeControl "180+1"]
[EndTime "8:37:24 PDT"]
[Termination "Game drawn by repetition"]

1. d4 Nf6 2. Nf3 e6 3. c4 d5 4. Nc3 Bb4 5. Qa4+ Nc6 6. e3 O-O 7. Bd3 Qe7 8. O-O dxc4 9. Bxc4 a6 10. Qc2 Bd6 11. e4 e5 12. d5 Nd4 13. Qd3 c5 14.
dxc6 bxc6 15. Nxd4 exd4 16. Qxd4 Be5 17. Qd3 Rd8 18. Qe2 Ng4 19. h3 Nh2 20. Rd1 Bxh3 21.
gxh3 Rxd1+ 22. Qxd1 Qh4 23. f4 Rd8 24. Qe2 Qg3+ 25.
Qg2 Nf3+ 26. Kh1 Qe1+ 27. Qf1 Qg3 28. Qg2 Qe1+ 29. Qf1 Qg3 30. Qg2 1/2-1/2

[Event "Early-Titled-Tuesday-Blitz-October-10-2023"]
[Site "Chess.com"]
[Date "2023.10.10"]
[Round "4"]
[White "banane_verte"]
[Black "chessculator16"]
[Result "1-0"]
[WhiteElo "2517"]
[BlackElo "2292"]
[TimeControl "180+1"]
[EndTime "8:37:25 PDT"]
[Termination "banane_verte won by resignation"]

1. e4 c6 2. d4 d5 3. e5 Bf5 4.
Nf3 e6 5. Be2 c5 6. dxc5 Bxc5 7.
Nd4 Bg6 8. c3 Ne7 9. O-O O-O 10.
b4 Bb6 11. a4 Nbc6 12. Nb5 Nxe5 13. Bf4 N7c6 14. a5 Bc7 15. a6 bxa6 16. Nxc7 Qxc7 17. Rxa6 f6 18. Na3 Rfe8 19. Qa1 Re7 20. Nb5 Qb7 21.
Nd6 Qd7 22. Nb5 Bd3 23. Bxd3 Nxd3 24. Bd6 Rf7 25. Rd1 Nde5 26. Bc5 Nc4 27. Qa2 e5 28.
Nd6 Nxd6 29. Qxd5 Qb7 30. Rxc6 Nb5 31. Qd8+ Rf8 32. Qd7 Qxd7 33. Rxd7 Rfd8 34. Rxd8+ Rxd8 35. g3 Nxc3 36. Bxa7 Nd5 37. b5 Kf7 38. b6 Nb4 39.
Rc7+ Ke6 40. b7 Na6 41. Rc8 Rd1+ 42. Kg2 Kd7 43. b8=Q Nxb8 44. Rxb8 Ra1 45. Be3 Ke6 46. Rb7 g6 47. Rxh7 f5 48. Rh6 Kf6 49. h4 Kg7 50. h5 f4 51. Rxg6+ Kf7 52. gxf4 exf4 53. Bxf4 Ra5 54. Rg5 Ra4 55. Bg3 Kf6 56. Rg6+ Kf7 57. Rb6 1-0

[Event "Early-Titled-Tuesday-Blitz-October-10-2023"]
[Site "Chess.com"]
[Date "2023.10.10"]
[Round "4"]
[White "Alexander_Donchenko"]
[Black "MagnusCarlsen"]
[Result "0-1"]
[WhiteElo "2833"]
[BlackElo "3280"]
[TimeControl "180+1"]
[EndTime "8:37:26 PDT"]
[Termination "MagnusCarlsen won by resignation"]

1. c4 b6 2. d4 Bb7 3. Nc3 e6 4. a3 Nf6 5. Qc2 c5 6. d5 exd5 7. cxd5 Nxd5 8. Nxd5 Bxd5 9. e4 Be6 10. Nf3 Nc6 11. Bb5 Be7 12. O-O O-O 13. Bf4 Bg4 14. Bxc6 dxc6 15. Ne5 Qc8 16. h3 Be6 17. Qa4 b5 18. Qa5 Qb7 19. Rfd1 Rfd8 20. Be3 c4 21. Rxd8+ Bxd8 22. Qb4 Be7 23. Qa5 Bf6 24. Rd1 h6 25. Bf4 c5 26. f3 Qb6 27. Qe1 Rd8 28. Rd2 Rd4 29. Ng4 Bxg4 30. hxg4 Rxd2 31. Qxd2 Bd4+ 32. Kh2 b4 33. Qc2 c3 34. bxc3 b3 35. Qb1 Bxc3 36.
e5 b2 37. Bg3 Qg6 0-1

[Event "Early-Titled-Tuesday-Blitz-October-10-2023"]
[Site "Chess.com"]
[Date "2023.10.10"]
[Round "4"]
[White "j2806"]
[Black "LeoWin2012"]
[Result "0-1"]
[WhiteElo "2148"]
[BlackElo "2323"]
[TimeControl "180+1"]
[EndTime "8:37:27 PDT"]
[Termination "LeoWin2012 won on time"]

1. e4 e5 2. Nf3 Nc6 3. Bb5 a6 4.
Ba4 b5 5. Bb3 Nf6 6. d3 Bc5 7. c3 O-O 8. O-O d6 9. h3 Be6 10. Bc2 h6 11. d4 exd4 12. cxd4 Bc4 13. Re1 Bb4 14. Bd2 Bxd2 15. Nbxd2 d5 16. e5 Ne4 17. b3 Nc3 18. Qc1 Ne2+ 19. Rxe2 Bxe2 20. Bf5 Bxf3 21. Qxc6 Bh5 22. g4 Bg6 23. Bxg6 fxg6 24. Qxg6 Qe7 25. Rf1 c5 26. Qc6 Rfd8 27. dxc5 Qxe5 28.
Nf3 Qf4 29. Kg2 d4 30. Rd1 d3 31. Rxd3 Rxd3 32. Qxa8+ Kh7 33. Qb7 Rc3 34. Ng1 Rxc5 35. Qxa6 Qe4+ 36. Kh2 Rc2 0-1

[Event "Early-Titled-Tuesday-Blitz-October-10-2023"]
[Site "Chess.com"]
[Date "2023.10.10"]
[Round "4"]
[White "fastestmindalive"]
[Black "JimDiGrease"]
[Result "1-0"]
[WhiteElo "2752"]
[BlackElo "2920"]
[TimeControl "180+1"]
[EndTime "8:37:30 PDT"]
[Termination "fastestmindalive won by resignation"]

1. e4 c5 2. Nc3 e6 3. d4 cxd4 4. Qxd4 Nc6 5. Qe3 Nf6 6. Nf3 Qc7 7. h3 d6 8. Bd2 a6 9. Bd3 Be7 10. g4 b5 11. a3 Bb7 12. g5 Nd7 13. h4 Nce5 14.
Nxe5 dxe5 15. h5 Nb6 16. Qg3 O-O-O 17. Be3 Nd7 18. f3 Nc5 19. Be2 f5 20. gxf6 gxf6 21.
Qh3 Qc6 22. Nd5 Rhe8 23. c4 bxc4 24. Rc1 Kb8 25. Nxe7 Rxe7 26. Rxc4 Qb5 27. Rxc5 Qxb2 28. Kf2 f5 29. exf5 exf5 30. Qxf5 Ka8 31. Rb1 Qxa3 32. Qf6 Red7 33. Rc7 Kb8 34. Rbxb7+ 1-0

[Event "Early-Titled-Tuesday-Blitz-October-10-2023"]
[Site "Chess.com"]
[Date "2023.10.10"]
[Round "4"]
[White "kuanysh1981"]
[Black "Hasangatin_Ramil"]
[Result "0-1"]
[WhiteElo "2524"]
[BlackElo "2725"]
[TimeControl "180+1"]
[EndTime "8:37:30 PDT"]
[Termination "Hasangatin_Ramil won by resignation"]

1. d4 d5 2. Nf3 c6 3. c4 dxc4 4.
a4 Nf6 5. e3 Be6 6. Na3 c5 7. Nxc4 cxd4 8. Nxd4 Bd5 9. f3 Nc6 10.
Nxc6 Bxc6 11. Qxd8+ Rxd8 12. e4 e6 13. Be3 Bb4+ 14. Kf2 O-O 15. Be2 a5 16. Bb6 Ra8 17.
Ne5 Rfc8 18. Rhd1 Be8 19. b3 Bc3 20. Nc4 Bxa1 21. Rxa1 Nd7 22. Be3 Rc6 23. Rd1 Nc5 24.
Nxa5 Rxa5 25. Rd8 Kf8 26. b4 Ke7 27. Rb8 Nd7 28. Rxe8+ Kxe8 29. bxa5 Rc2 30. Kf1 Ra2 31. Bb5 Ke7 32. Bd4 f6 33. f4 Kd8 34. h4 e5 35.
fxe5 Nxe5 36. h5 h6 37. Bb6+ Kc8 38. Bc5 Kc7 39. Bf8 Ng4 40. Bxg7 Ne3+ 41. Ke1 Nxg2+ 42.
Kd1 Ne3+ 43. Ke1 Ra1+ 44. Ke2 Ng4 45. Kf3 Ne5+ 46. Ke3 Rh1 47. Bxf6 Ng4+ 0-1

[Event "Early-Titled-Tuesday-Blitz-October-10-2023"]
[Site "Chess.com"]
[Date "2023.10.10"]
[Round "4"]
[White "arenal72"]
[Black "LeoLV10"]
[Result "1-0"]
[WhiteElo "2422"]
[BlackElo "2565"]
[TimeControl "180+1"]
[EndTime "8:37:31 PDT"]
[Termination "arenal72 won on time"]

1. Nf3 Nf6 2. g3 d5 3. Bg2 g6 4.
O-O Bg7 5. c4 c6 6. d3 O-O 7.
Nc3 Re8 8. h3 e5 9. cxd5 cxd5 10. Bg5 h6 11. Bxf6 Bxf6 12. e4 d4 13. Nd5 Bg7 14.
Rc1 Nc6 15. Nd2 Be6 16. f4 Qd7 17. Kh2 f5 18. fxe5 Bxd5 19. exd5 Nxe5 20. Qb3 Kh8 21. Rfe1 Bf8 22. Nc4 Nxc4 23. dxc4 b6 24. Qd3 Bg7 25. b4 Rac8 26. Bf3 Qd6 27. Rxe8+ Rxe8 28. c5 Qb8 29. c6 Qc7 30. Kg2 Re3 31. Qa6 d3 32. Qb7 d2 33.
Rd1 Qd6 34. c7 1-0

[Event "Early-Titled-Tuesday-Blitz-October-10-2023"]
[Site "Chess.com"]
[Date "2023.10.10"]
[Round "4"]
[White "Xqswdc"]
[Black "bazar-wokzal"]
[Result "0-1"]
[WhiteElo "2333"]
[BlackElo "2558"]
[TimeControl "180+1"]
[EndTime "8:37:31 PDT"]
[Termination "bazar-wokzal won on time"]

1. e4 Nc6 2. Nf3 d5 3. exd5 Qxd5 4. Nc3 Qa5 5. d4 Bg4 6. Bb5 O-O-O 7. Bxc6 bxc6 8. h3 Qh5 9. Be3 e5 10. Qd3 Bxf3 11.
gxf3 Qxf3 12. Rg1 exd4 13. Qa6+ Kb8 14. Rg3 Qh1+ 15. Ke2 Qxa1 16. Nb5 cxb5 17. Qxb5+ Kc8 18. Qa6+ Kd7 19. Qb5+ c6 20. Qb7+ Ke6 21. Qxc6+ Bd6 22. Qe4+ Be5 23. f4 d3+ 24. Kf2 Qxb2 25. Qc4+ Ke7 26. Bc5+ Ke8 27. Qa4+ Rd7 28. Rxd3 Nf6 29. fxe5 Ne4+ 30. Qxe4 Qxc2+ 31. Kg1 Qxc5+ 0-1

[Event "Early-Titled-Tuesday-Blitz-October-10-2023"]
[Site "Chess.com"]
[Date "2023.10.10"]
[Round "4"]
[White "CixPer1968"]
[Black "ylr5000"]
[Result "0-1"]
[WhiteElo "2203"]
[BlackElo "2467"]
[TimeControl "180+1"]
[EndTime "8:37:31 PDT"]
[Termination "ylr5000 won by resignation"]

1. d4 Nf6 2. c4 e6 3. Nf3 d5 4.
Nc3 c5 5. cxd5 exd5 6. g3 Nc6 7. Bg2 Be7 8. O-O O-O 9. Bg5 cxd4 10. Nxd4 h6 11. Bf4 Be6 12. Rc1 Rc8 13. Nb3 d4 14. Ne4 Nxe4 15. Bxe4 Bd5 16. Bxd5 Qxd5 17. h4 Rfd8 18.
Qd3 Nb4 19. Qb1 d3 20. exd3 Qxd3 21. Qxd3 Nxd3 22. Rxc8 Rxc8 23. Be3 Nxb2 24. Bxa7 Ra8 25. Bd4 Rxa2 26. Re1 Bf6 27. Bxf6 gxf6 28. Re7 b6 29. Rb7 Nc4 30. Nd4 Ra5 31. Nc6 Rc5 32. Ne7+ Kf8 33. g4 Nd6 34. h5 Nxb7 0-1

[Event "Early-Titled-Tuesday-Blitz-October-10-2023"]
[Site "Chess.com"]
[Date "2023.10.10"]
[Round "4"]
[White "astralpulse"]
[Black "atalz0"]
[Result "1-0"]
[WhiteElo "2700"]
[BlackElo "2491"]
[TimeControl "180+1"]
[EndTime "8:37:32 PDT"]
[Termination "astralpulse won by resignation"]

1. Nf3 Nf6 2. g3 b5 3. Bg2 Bb7 4. O-O e6 5. d3 Be7 6. c4 b4 7.
a3 a5 8. e4 O-O 9. e5 Ne8 10.
Bf4 d6 11. exd6 cxd6 12. d4 Nf6 13. Nbd2 bxa3 14. Rxa3 d5 15. c5 Nc6 16. Qa4 Qd7 17.
Rfa1 h6 18. Ne5 Nxe5 19. Bxe5 Bc6 20. Qc2 a4 21. h3 Qb7 22. Nb1 Nd7 23. Bf4 Bf6 24.
Qd2 e5 25. Be3 Rfb8 26. R1a2 Qb4 27. dxe5 Bxe5 28. Nc3 Nxc5 29. Nxd5 Qxd2 30. Bxd2 Bxd5 31.
Bxd5 Ra6 32. Be3 Rd6 33. Bc4 Nd3 34. Rxd3 Rxd3 35. Bxd3 Bxb2 36. Rxa4 1-0

[Event "Early-Titled-Tuesday-Blitz-October-10-2023"]
[Site "Chess.com"]
[Date "2023.10.10"]
[Round "4"]
[White "TigrVShlyape"]
[Black "Korchmar_Vasiliy"]
[Result "0-1"]
[WhiteElo "2926"]
[BlackElo "2735"]
[TimeControl "180+1"]
[EndTime "8:37:33 PDT"]
[Termination "Korchmar_Vasiliy won by resignation"]

1. d4 Nf6 2. Bf4 d5 3. e3 c5 4. c3 Nc6 5. Nd2 Bf5 6. Ngf3 Qb6 7. dxc5 Qxb2 8. Nd4 e5 9. Nxf5 exf4 10. Rb1 Qxc3 11. exf4 Bxc5 12. Rc1 Qa5 13. Be2 Ne4 14. Rxc5 Qxc5 15. O-O Nxd2 16. Qxd2 O-O 17. Rc1 Qb4 18.
Qxd5 Qxf4 19. Rb1 Rad8 20. Qf3 Qxf3 21. Bxf3 g6 22. Ne3 Rd7 23. Bxc6 bxc6 24. Rc1 Rc8 25.
Rc5 Rd2 26. Ra5 c5 27. Kf1 c4 28. Ke1 c3 0-1

[Event "Early-Titled-Tuesday-Blitz-October-10-2023"]
[Site "Chess.com"]
[Date "2023.10.10"]
[Round "4"]
[White "secrethawk1"]
[Black "santosalberto1987"]
[Result "0-1"]
[WhiteElo "2228"]
[BlackElo "2489"]
[TimeControl "180+1"]
[EndTime "8:37:35 PDT"]
[Termination "santosalberto1987 won on time"]

1. e4 e6 2. d4 d5 3. Nc3 Nf6 4. Bg5 Bb4 5. e5 h6 6. Be3 Ne4 7. Qg4 Kf8 8. a3 Bxc3+ 9. bxc3 c5 10. Bd3 Nxc3 11. dxc5 Nc6 12. Nf3 d4 13. Bxd4 Nxd4 14. Qxd4 Qxd4 15. Nxd4 Bd7 16. O-O Rc8 17. Nb3 Na4 18.
Be4 Bc6 19. Bxc6 Rxc6 20. Rad1 Ke7 21. Rd6 Rhc8 22. Rfd1 R8c7 23. Rxc6 Rxc6 24. Rb1 Rc7 25. Na5 Nxc5 26. Kf1 b6 27. Nc4 Ne4 28. f3 Rxc4 29.
fxe4 Rxe4 30. Rb5 Rc4 31. Rb2 Rc5 32. Ke2 Rxe5+ 33. Kd3 Rh5 34. h3 Rg5 35. c4 Kd6 36. Kc3 Kc6 37. a4 Rg3+ 38. Kd4 f6 39. Ra2 a5 0-1

[Event "Early-Titled-Tuesday-Blitz-October-10-2023"]
[Site "Chess.com"]
[Date "2023.10.10"]
[Round "4"]
[White "ilm2034"]
[Black "alexrustemov"]
[Result "0-1"]
[WhiteElo "2590"]
[BlackElo "2863"]
[TimeControl "180+1"]
[EndTime "8:37:36 PDT"]
[Termination "alexrustemov won by resignation"]

1. e4 e6 2. d4 d5 3. Nd2 dxe4 4.
Nxe4 Bd7 5. Bd3 Bc6 6. Nf3 Nd7 7. O-O Ngf6 8. Bg5 Be7 9. Nxf6+ Bxf6 10. Bxf6 Qxf6 11.
c3 Bxf3 12. Qxf3 Qxf3 13. gxf3 g6 14. Kg2 Nf6 15. a4 a5 16. Rfe1 c6 17. Re5 Kd7 18. h4 Kc7 19. Rae1 Rhd8 20. Bc2 Rd5 21. Kg3 Nh5+ 22.
Kg4 h6 23. Bb3 Rd6 24. Rg1 b6 25. f4 Rad8 26. Rxh5 gxh5+ 27. Kxh5 c5 28. dxc5 Rd2 29. Rg7 R8d7 30. Kxh6 Rxb2 31. cxb6+ Kxb6 32. Bc4 Rxf2 33. Kg5 Rc7 34. Bb5 Rc5+ 35. Kf6 Rxf4+ 36. Ke7 Rxh4 37. Rg8 Rc7+ 38. Kd6 Rh2 39. Rb8+ Rb7 40. Ra8 Rd2+ 41. Ke5 Rd5+ 42. Kf6 Rxb5 43. axb5 Kxb5 44. Ke5 a4 45. Kd6 Rb6+ 46. Ke7 Ra6 47. Rb8+ Kc4 48. Rc8+ Kb3 49. Kxf7 a3 50. Rb8+ Kc2 51. Rh8 a2 52. Rh2+ Kb3 53. Rh1 a1=Q 54. Rxa1 Rxa1 55. Kxe6 Kxc3 0-1

[Event "Early-Titled-Tuesday-Blitz-October-10-2023"]
[Site "Chess.com"]
[Date "2023.10.10"]
[Round "4"]
[White "Masterbeaterr"]
[Black "HeinichessPY"]
[Result "1-0"]
[WhiteElo "2472"]
[BlackElo "2212"]
[TimeControl "180+1"]
[EndTime "8:37:36 PDT"]
[Termination "Masterbeaterr won by resignation"]

1. d4 d5 2. c4 e6 3. Nc3 Nf6 4. cxd5 exd5 5. Bg5 Be7 6. e3 O-O 7. Bd3 c6 8. Qc2 h6 9. Bh4 Nbd7 10. Nge2 Re8 11.
O-O Nf8 12. f3 b6 13. Bf2 Bb7 14. Rae1 Rc8 15. e4 c5 16. e5 N6h7 17. f4 c4 18. Bf5 g6 19. Bxc8 Bxc8 20. Ng3 h5 21. f5 h4 22.
fxg6 hxg3 23. gxh7+ Nxh7 24. Bxg3 Ng5 25. h4 Ne6 26. Qf2 Rf8 27. Ne2 c3 28. bxc3 Ba6 29. Qf5 Qc7 30. Qg4+ Kh7 31. Rf6 Bxe2 32. Rxe2 Qxc3 33.
Qh5+ Kg7 34. Qh6+ Kg8 35. Bf2 Rc8 36. Re3 Ng7 37. Rxc3 Rxc3 38. Rf3 Rc2 39. Rg3 Bf8 40. Be3 Rxa2 41. Bg5 1-0

[Event "Early-Titled-Tuesday-Blitz-October-10-2023"]
[Site "Chess.com"]
[Date "2023.10.10"]
[Round "4"]
[White "dosto07"]
[Black "Zurability"]
[Result "1-0"]
[WhiteElo "2518"]
[BlackElo "2714"]
[TimeControl "180+1"]
[EndTime "8:37:37 PDT"]
[Termination "dosto07 won on time"]

1. e4 c5 2. Nf3 d6 3. Bb5+ Bd7 4. Bxd7+ Qxd7 5. O-O Nf6 6. Qe2 Nc6 7. c3 g5 8. d3 g4 9. Nh4 Rg8 10. Na3 O-O-O 11.
Nc4 e6 12. Bf4 Be7 13. e5 Nh5 14. Bg3 dxe5 15. Nxe5 Nxe5 16. Qxe5 Nxg3 17. fxg3 f6 18. Qe4 f5 19. Qe5 Bd6 20. Qe2 Bc7 21. Rfe1 Rge8 22. Rad1 Qc6 23. Kf1 e5 24. Kg1 Qe6 25.
Qf2 f4 26. gxf4 Qxa2 27. fxe5 Kb8 28. d4 cxd4 29. cxd4 Qd5 30. Nf5 Rf8 31. Rf1 Bb6 32. Qf4 Ka8 33. Qxg4 Rf7 34. h3 Rdf8 35. Kh2 h5 36.
Qxh5 a6 37. Rf3 1-0

[Event "Early-Titled-Tuesday-Blitz-October-10-2023"]
[Site "Chess.com"]
[Date "2023.10.10"]
[Round "4"]
[White "valemava"]
[Black "DawidCzerw"]
[Result "0-1"]
[WhiteElo "2271"]
[BlackElo "2540"]
[TimeControl "180+1"]
[EndTime "8:37:40 PDT"]
[Termination "DawidCzerw won by checkmate"]

1. Nf3 c5 2. c4 Nc6 3. b3 e5 4.
d3 g6 5. Bb2 Bg7 6. g3 Nge7 7.
Nbd2 O-O 8. Rb1 d5 9. cxd5 Nxd5 10.
Bg2 Be6 11. O-O h6 12. Ne4 b6 13. h4 f5 14. Nc3 Nxc3 15. Bxc3 Qd7 16. Qc2 Rac8 17.
Qb2 Qd6 18. e3 Rfe8 19. Rfd1 Bd5 20. e4 Bf7 21. h5 Bf6 22. hxg6 Bxg6 23. Re1 Nd4 24.
Bxd4 exd4 25. exf5 Bxf5 26. Qd2 Kg7 27. Nh2 Bg5 28.
f4 Bf6 29. g4 Bg6 30. Be4 Bf7 31. Qg2 b5 32. g5 hxg5 33. fxg5 Be5 34. Rf1 Rh8 35. Ng4 Bf4 36. Rf3 Be6 37. Rbf1 Rcf8 38. Nf6 Be3+ 39. Rxe3 dxe3 40. Qf3 Qh2# 0-1